 Dungeon Crawl Stone Soup version 0.28-a0-1404-g4df0f3684d (webtiles) character file.

Game seed: 3549423657898938420

2609 chunkyMonkey the Shield-Bearer (level 9, -1/48 HPs)
             Began as a Vine Stalker Fighter on Jan 5, 2022.
             Was a Believer of Cheibriados.
             Slain by an eight-headed hydra (6 damage)
             ... on level 7 of the Dungeon.
             The game lasted 00:10:28 (6872 turns).

chunkyMonkey the Shield-Bearer (VSFi)               Turns: 6872, Time: 00:10:29

Health: -1/48      AC: 13    Str: 27    XL:     9   Next: 59%
Magic:  0/18       EV:  8    Int: 12    God:    Cheibriados [**....]
Gold:   220        SH:  6    Dex: 18    Spells: 16/18 levels left

rFire   . . .      SeeInvis .   v - +2 falchion (flame)
rCold   . . .      Faith    .   c - +0 buckler
rNeg    . . .      Spirit   +   B - +2 chain mail {Will+}
rPois   .          Reflect  .   (no helmet)
rElec   .          Harm     .   (no cloak)
rCorr   .          Rampage  .   (no gloves)
Will    ++...                   o - +0 pair of boots
Stlth   ..........              (no amulet)
HPRegen 0.96/turn               (no ring)
MPRegen 0.16/turn               (no ring)

@: about to teleport, very slow
A: fangs 3, regeneration 1, magic shield, antimagic bite, no potion heal 2
a: Renounce Religion, Bend Time


You were on level 7 of the Dungeon.
You worshipped Cheibriados.
Cheibriados was pleased with you.
You visited 2 branches of the dungeon, and saw 8 of its levels.

You collected 345 gold pieces.
You spent 125 gold pieces at shops.

Inventory:

Hand Weapons
 a - a +0 war axe
 n - the +4 morningstar of Efiogryr {holy, Int+4}
   (You found it on level 2 of the Dungeon)

   It has been blessed by the Shining One to cause great damage to the undead
   and demons.
   Int:       It affects your intelligence (+4).
 r - a +1 dagger of venom
 v - a +2 falchion of flaming (weapon)
 A - a +2 mace of protection
Missiles
 p - 6 atropa-tipped darts (quivered)
Armour
 c - a +0 buckler (worn)
 o - a +0 pair of boots (worn)
 B - a +2 chain mail of willpower (worn)
Jewellery
 u - a ring of resist corrosion
Wands
 w - a wand of iceblast (3)
 y - a wand of polymorph (6)
Scrolls
 b - 2 scrolls of identify
 e - a scroll of amnesia {unknown}
 f - a scroll of torment {unknown}
 g - 2 scrolls of fear {unknown}
 h - a scroll of enchant weapon {unknown}
 j - a scroll of silence {unknown}
 s - 2 scrolls of blinking {unknown}
 t - 4 scrolls of teleportation
 z - a scroll of enchant armour
Potions
 d - 2 potions of might
 i - 3 potions of heal wounds
 k - 4 potions of curing
 l - a potion of lignification {unknown}
 m - 3 potions of brilliance {unknown}
 q - a potion of flight {unknown}
 C - a potion of cancellation {unknown}


   Skills:
 * Level 5.7 Fighting
 * Level 5.4 Axes
 * Level 5.3 Armour
 - Level 0.3 Dodging
 * Level 5.8 Shields
 * Level 5.3 Spellcasting
 + Level 1.6 Poison Magic


You had 16 spell levels left.
You knew the following spells:

 Your Spells              Type           Power      Damage    Failure   Level
a - Poisonous Vapours     Pois/Air       10%        N/A       83%         2

Your spell library contained the following spells:

 Spells                   Type           Power      Damage    Failure   Level
 Magic Dart               Conj           12%        1d3       80%         1
 Summon Small Mammal      Summ           12%        N/A       80%         1
 Corpse Rot               Necr/Air       6%         N/A       90%         2
 Ensorcelled Hibernation  Hex/Ice        6%         N/A       90%         2
 Searing Ray              Conj           6%         2d4       90%         2
 Spider Form              Tmut/Pois      5%         N/A       96%         3
 Ignite Poison            Fire/Tmut/Pois 4%         N/A       97%         3
 Mephitic Cloud           Conj/Pois/Air  4%         N/A       97%         3
 Call Canine Familiar     Summ           3%         N/A       99%         3
 Summon Guardian Golem    Hex/Summ       3%         N/A       99%         3
 Fulminant Prism          Conj/Hex       1%         3d6       100%        4
 Freezing Cloud           Conj/Ice/Air   1%         6-21      100%        5


Dungeon Overview and Level Annotations

Branches:
Dungeon (7/15)             Temple (1/1) D:4

Altars:
Ashenzari
Cheibriados
Elyvilon
Gozag
Hepliaklqana
Kikubaaqudgha
Makhleb
Nemelex Xobeh
Okawaru
Qazlal
Sif Muna
Uskayaw
Wu Jian
Xom
Yredelemnul
Zin
The Shining One

Shops:
D:5 ?([


Innate Abilities, Weirdness & Mutations

You have razor-sharp teeth.
Your natural rate of healing is unusually fast.
When hurt, damage is shared between your health and your magic reserves.
Your bite disrupts and absorbs the magic of your enemies.
Potions cannot restore your health.


Message History

Aim: an eight-headed hydra (90% to hit)
The bolt of acid misses the eight-headed hydra.
Aiming: Corrosive Bolt
Press: ? - help, Shift-Dir - straight line, f/p - eight-headed hydra
Aim: an eight-headed hydra (90% to hit)
The bolt of acid misses the eight-headed hydra.
Aiming: Corrosive Bolt
Press: ? - help, Shift-Dir - straight line, f/p - eight-headed hydra
Aim: an eight-headed hydra (90% to hit)
The bolt of acid hits the eight-headed hydra!
The eight-headed hydra is moderately wounded.
The now-empty wand crumbles to dust.
The flow of time bends around you.
The eight-headed hydra resists with some effort.
Cheibriados lowers the support of your attributes as your movement quickens.
The eight-headed hydra closely misses you.
The eight-headed hydra bites you but does no damage.
You block the eight-headed hydra's attack.
The eight-headed hydra bites you. The eight-headed hydra bites you! x2
The eight-headed hydra bites you but does no damage.
The eight-headed hydra bites you.
You completely miss the eight-headed hydra.
You bite the eight-headed hydra. You drain its power.
You feel invigorated.
The eight-headed hydra is moderately wounded.
The eight-headed hydra closely misses you.
The eight-headed hydra bites you but does no damage.
The eight-headed hydra bites you! The eight-headed hydra bites you.
The eight-headed hydra bites you!
* * * LOW HITPOINT WARNING * * *
The eight-headed hydra barely misses you.
The eight-headed hydra bites you!
* * * LOW HITPOINT WARNING * * *
The eight-headed hydra bites you but does no damage.
Unknown command.
As you read the scroll of teleportation, it crumbles to dust.
You feel strangely unstable. The eight-headed hydra misses you.
The eight-headed hydra bites you.
* * * LOW HITPOINT WARNING * * *
The eight-headed hydra bites you!
You die...

.. . .. ... ..
#####!.... ..
#.@D...... ..
######'###..... .#
#......(# ... .#
#.......# # #.#
#.......# #.# ######'##
#.# #####.######### #.#
#....>........## #.#
#.##########...######.#


You could see an eight-headed hydra.

Vanquished Creatures
  A wraith (D:7)
  A vampire (D:6)
  A water moccasin (D:7)
  An ice beast (D:6)
  A sky beast (D:5)
  2 black bears
  An orc warrior (D:6)
  An ogre (D:6)
  A centaur (D:7)
  4 phantoms
  A bullfrog (D:7)
  2 scorpions
  Blork the orc (D:4)
  A water moccasin skeleton (D:4)
  3 killer bees (D:7)
  5 wights (D:7)
  A hound (D:3)
  2 jellies
  2 centaur zombies (D:7)
  An orc priest (D:4)
  3 bullfrog skeletons (D:6)
  An iguana (D:4)
  Ijyb (D:5)
  2 orc wizards (D:5)
  A hound skeleton (D:4)
  11 gnolls
  5 adders
  A white imp (D:6)
  A dart slug (D:3)
  16 orcs
  12 endoplasms
  3 giant cockroaches
  3 goblins
  10 hobgoblins
  8 jackals
  5 quokkas
  5 ball pythons
  7 bats
  9 kobolds
  8 rats
145 creatures vanquished.

Notes
Turn   | Place    | Note
-------+----------+-------------------------------------------
     0 | D:1      | chunkyMonkey the Vine Stalker Fighter began the quest for
                  | the Orb.
     0 | D:1      | Reached XP level 1. HP: 11/11 MP: 2/2
   154 | D:1      | Reached XP level 2. HP: 11/16 MP: 3/3
   820 | D:1      | Reached XP level 3. HP: 20/20 MP: 2/4
  1138 | D:1      | Found a faded altar of an unknown god.
  2030 | D:2      | Reached skill level 1 in Spellcasting
  2030 | D:2      | Gained mutation: Your natural rate of healing is unusually
                  | fast. [Vine Stalker growth]
  2030 | D:2      | Reached XP level 4. HP: 24/24 MP: 4/6
  2198 | D:2      | Identified the +4 morningstar of Efiogryr {holy, Int+4}
  3010 | D:3      | Reached XP level 5. HP: 28/28 MP: 6/8
  3523 | D:4      | Noticed a phantom
  3531 | D:4      | Killed a phantom
  3532 | D:4      | Reached XP level 6. HP: 25/32 MP: 7/10
  3687 | D:4      | Noticed Blork the orc
  3694 | D:4      | Killed Blork the orc
  3830 | D:4      | Found a staircase to the Ecumenical Temple.
  3837 | Temple   | Entered the Ecumenical Temple
  3982 | Temple   | Became a worshipper of Cheibriados the Contemplative
  4238 | D:4      | Reached XP level 7. HP: 21/37 MP: 5/11
  4384 | D:5      | Entered Level 5 of the Dungeon
  4393 | D:5      | Found Jypnun's Magic Scroll Shoppe.
  4458 | D:5      | Noticed Ijyb
  4467 | D:5      | Killed Ijyb
  4555 | D:5      | Bought a scroll of enchant armour for 75 gold pieces
  4555 | D:5      | Bought a scroll of identify for 20 gold pieces
  4555 | D:5      | Bought a scroll of teleportation for 30 gold pieces
  4651 | D:5      | Found Qybi's Armour Shop.
  4667 | D:5      | Reached * piety under Cheibriados
  4864 | D:5      | Gained mutation: You have razor-sharp teeth. [Vine Stalker
                  | growth]
  4864 | D:5      | Reached XP level 8. HP: 42/42 MP: 12/14
  5005 | D:5      | Found Lamiokh's Antique Weapon Emporium.
  5456 | D:6      | Reached skill level 5 in Shields
  5458 | D:6      | Reached skill level 5 in Fighting
  5712 | D:6      | Reached XP level 9. HP: 39/47 MP: 12/16
  5724 | D:6      | Learned a level 2 spell: Poisonous Vapours
  5750 | D:6      | Found a broken altar of Ashenzari.
  6281 | D:7      | Reached skill level 5 in Axes
  6284 | D:7      | Reached skill level 5 in Armour
  6286 | D:7      | Reached ** piety under Cheibriados
  6288 | D:7      | Reached skill level 1 in Poison Magic
  6289 | D:7      | Reached skill level 5 in Spellcasting
  6865 | D:7      | Noticed an eight-headed hydra
  6872 | D:7      | Slain by an eight-headed hydra

Illustrated notes

Levels and vault maps discovered:
D:1:      nagdon_arrival_double_spiral, layout_basic,
          shapermc_ecumenical_altar_mp_vishouse, minmay_tetromino_t2
D:2:      minmay_general_purpose_star, layout_basic
D:3:      layout_basic
D:4:      layout_basic, minmay_temple_entry_junction, uniq_blork_the_orc
D:5:      old_forge, layout_loops_cross, gammafunk_ghost_necromancy,
          serial_shops, nicolae_square_shop, shop, shop, shop_fountains,
          minivault_1, uniq_grinder, uniq_ijyb, uniq_pikel
D:6:      layout_basic, ashenzari_altar_1, grunt_ministairs_5
D:7:      kennysheep_six_static_rooms, layout_basic
Temple:   nicolae_temple_elliptical

Skill      XL: |  1  2  3  4  5  6  7  8  9 |
---------------+----------------------------+-----
Axes           | 2 3 4 5 |  5.4
Fighting       | 3 4 5 |  5.7
Shields        | 3 4 5 |  5.8
Spellcasting   | 1 2 3 4 5 |  5.3
Armour         | 3 4 5 |  5.3
Poison Magic   | 1 |  1.6
Dodging        | |  0.3

Action                   |  1- 3 |  4- 6 |  7- 9 || total
-------------------------+-------+-------+-------++-------
Melee: War axe           |   107 |     5 |       ||   112
       Bite              |    18 |    18 |    33 ||    69
       Morningstar       |       |    99 |   136 ||   235
       Unarmed           |       |       |     5 ||     5
       Falchion          |       |       |     1 ||     1
Throw: Dart              |       |     2 |       ||     2
Invok: Bend Time         |       |       |     1 ||     1
Evoke: Wand              |       |       |     5 ||     5
  Use: Scroll            |       |       |     5 ||     5
Armor: Scale mail        |    71 |    16 |       ||    87
       Chain mail        |       |    26 |   106 ||   132
       Skin              |       |       |     5 ||     5
Dodge: Dodged            |    60 |    39 |    95 ||   194
Block: Buckler           |    20 |    24 |    45 ||    89

Table legend: (Time is in decaauts)
 A = Elapsed time spent in this place.
 B = Non-inter-level travel time spent in this place.
 C = Inter-level travel time spent in this place.
 D = Time resting spent in this place.
 E = Time spent auto-exploring this place.
 F = Levels seen in this place.
 G = Mean time per level.
                   A        B        C        D        E       F      G
               +--------+--------+--------+--------+--------+-----+--------+
         Total |   7830 |   7467 |    363 |    796 |   5518 |   8 |  978.8 |
       Dungeon |   7661 |   7320 |    341 |    796 |   5399 |   7 | 1094.4 |
        Temple |    168 |    147 |     21 |      0 |    119 |   1 |  168.0 |
               +--------+--------+--------+--------+--------+-----+--------+

Top non-repeatable levels by time:
     D:1: 1463 daAuts
     D:6: 1448 daAuts
     D:2: 1193 daAuts
     D:4: 1158 daAuts
     D:5: 899 daAuts
     D:7: 823 daAuts
     D:3: 675 daAuts
  Temple: 168 daAuts
